 Dungeon Crawl Stone Soup version 0.22.1-2-g9c5b331 (webtiles) character file.

46 delarado the Firebug (level 3, -2/19 HPs)
             Began as a Deep Elf Fire Elementalist on Dec 10, 2018.
             Slain by a goblin
             ... wielding a +0 club
             ... led by Robin
              (3 damage)
             ... on level 2 of the Dungeon.
             The game lasted 00:07:06 (1348 turns).

delarado the Firebug (Deep Elf Fire Elementalist)   Turns: 1348, Time: 00:07:06

Health: -2/19      AC:  2    Str:  5    XL:     3   Next: 46%
Magic:  1/9        EV: 13    Int: 20    God:
Gold:   12         SH:  0    Dex: 15    Spells: 4/8 levels left

rFire    + . .     SeeInvis .   b - +0 dagger
rCold    + . .     Gourm    .   (no shield)
rNeg     . . .     Faith    .   a - +0 robe
rPois    +         Spirit   .   (no helmet)
rElec    +         Reflect  .   (no cloak)
rCorr    +         Harm     .   (no gloves)
MR       .....                  (no boots)
Stlth    ++........             (no amulet)
HPRegen  0.06/turn              (no ring)
MPRegen  0.11/turn              (no ring)

@: resistant, very slightly contaminated
A: no striking features
a: no special abilities


You were on level 2 of the Dungeon.
You were not hungry.

You visited 1 branch of the dungeon, and saw 2 of its levels.

You collected 12 gold pieces.

Inventory:

Hand Weapons
 b - a +0 dagger (weapon)
 h - a +0 hunting sling
Missiles
 d - 49 stones (quivered)
Armour
 a - a +0 robe (worn)
 g - a +0 cloak
Potions
 f - a potion of haste {unknown}
 j - a potion of curing {unknown}
Comestibles
 c - 2 rations
 i - 4 chunks of flesh


   Skills:
 - Level 2.4 Dodging
 - Level 2.4 Stealth
 - Level 3.0 Spellcasting
 + Level 2.7 Conjurations
 + Level 4.2 Fire Magic


You had 4 spell levels left.
You knew the following spells:

 Your Spells              Type           Power        Failure   Level  Hunger
a - Flame Tongue          Conj/Fire      ###..        3%          1    None
b - Conjure Flame         Conj/Fire      ###.....     10%         3    ###....

Your spell library contained the following spells:

 Spells                   Type           Power        Failure   Level  Hunger
 Throw Flame              Conj/Fire      ###...       4%          2    ##.....
 Inner Flame              Hex/Fire       ##......     19%         3    ###....
 Sticky Flame             Conj/Fire      ###.....     32%         4    ####...
 Fireball                 Conj/Fire      ###.......   67%         5    ######.


Dungeon Overview and Level Annotations

Branches:
Dungeon (2/15)

Altars:

Annotations:
D:2 Jessica, Robin


Message History

The goblin wields a hunting sling.
The goblin shoots a stone.
The stone hits you.
A goblin comes into view. It is wielding a club.
Casting: Conjure Flame (safe; 10% risk of failure)
Confirm with . or Enter, or press ? or * to list all spells.
You don't have enough magic to cast that spell.
The goblin shoots a stone.
The stone hits you.
You see here a stone.
The goblin shoots a stone.
The stone hits you.
* * * LOW HITPOINT WARNING * * *
You see here a stone.
The goblin shoots a stone.
The stone hits you.
* * * LOW HITPOINT WARNING * * *
You see here a stone.
Robin throws the goblin at you!
* * * LOW HITPOINT WARNING * * *
It was a potion of resistance.
You feel protected. The goblin hits you with a club.
You die...

.......####.#.#
....#..#..).#.#
# ###
#..#.####.#.#
#.g)......#.##
#(...###.....
#.รท.####..##
#..(.g....#
#g(#####.#####.
#..g..(@g......#
#.....#..####..#
###......#
#.#....#
#.#.##.#
#.#....#
#.###### #..


You could see Robin and 2 goblins.

Vanquished Creatures
  An ooze (D:1)
  A leopard gecko (D:1)
  2 bats (D:1)
  3 giant cockroaches (D:1)
  9 hobgoblins
  4 kobolds
  5 frilled lizards (D:1)
  10 goblins
  2 rats (D:1)
37 creatures vanquished.

Notes
Turn   | Place    | Note
-------+----------+-------------------------------------------
     0 | D:1      | delarado the Deep Elf Fire Elementalist began the quest for
                  | the Orb.
     0 | D:1      | Reached XP level 1. HP: 10/10 MP: 6/6
   242 | D:1      | Reached XP level 2. HP: 12/15 MP: 0/8
   892 | D:1      | Reached skill level 4 in Fire Magic
  1007 | D:1      | Reached XP level 3. HP: 19/19 MP: 7/9
  1172 | D:2      | Learned a level 3 spell: Conjure Flame
  1178 | D:2      | Noticed Jessica
  1318 | D:2      | Noticed Robin
  1348 | D:2      | Slain by a goblin

Skill      XL: |  1  2 |
---------------+-------+-----
Conjurations   | 2 |  2.7
Fire Magic     | 4 |  4.2
Dodging        | |  2.4
Stealth        | |  2.4
Spellcasting   | |  3.0

Action                   || total
-------------------------++-------
Throw: Stone             ||    17
 Cast: Flame Tongue      ||    57
       Conjure Flame     ||     1
  Use: Scroll            ||     1
       Potion            ||     1
  Eat: Chunk             ||     1
Armor: Robe              ||     2
Dodge: Dodged            ||    11
